AoeStats
← HUSEINMACO

Hideout

509814169Analyzed
1v1 RM · 5d ago on Sep 28, 2026· 19m 53s· 2 players
Game mode
Random Map
Map size
Tiny (2 player)
Population
200
Speed
Normal
Resources
Standard
Victory
Conquest
Starting age
Dark Age
Ending age
Imperial Age
RankedLock teamsTeams togetherTeam positionsShared explorationLock speedFull tech treeHidden civsTurbo modeCheats
Victory
Defeat
🇨🇱 Mapuche · Chile
928
+16
🇲🇽 Saracens · Mexico
919
-16
HUSEINMACO
10:45 Feudal Age
11:24 Double-Bit Axe
16:29 Fletching
18:15 Wheelbarrow
19:01 Padded Archer Armor
mementomortis
8:19 Loom
10:29 Feudal Age
15:03 Castle Age
Connection lost

Rejoining the realm…

Still unreachable

The connection could not be restored.

Session expired

The server has moved on; the page needs a fresh start.